 Dungeon Crawl Stone Soup version 0.19-a0-1676-g39ae8cc (webtiles) character file.

13631 MistressOfTheDunes the Nimble (level 11, -24/80 HPs)
             Began as a Mummy Monk on Sept 23, 2016.
             Annihilated by a komodo dragon (32 damage)
             ... on level 1 of the Lair of Beasts.
             The game lasted 01:24:37 (33168 turns).

MistressOfTheDunes the Nimble (Mummy Monk)         Turns: 33168, Time: 01:24:37

Health: -24/80     AC:  5    Str: 17    XL:     11   Next: 78%
Magic:  11/11      EV: 18    Int:  9    God:
Gold:   710        SH: 12    Dex: 18    Spells: 0 memorised, 10 levels left

rFire  . . .     SeeInvis .       - Unarmed
rCold  + . .     Gourm    .     (no armour)
rNeg   + + +     Faith    .     r - +0 shield
rPois  ∞         Spirit   .     d - +1 hat
rElec  .         Dismiss  .     h - +2 cloak
rCorr  .         Reflect  .     q - +0 pair of gloves
MR     +....     Harm     .     (no boots)
Stlth  ++........               (no amulet)
                                m - +2 ring of strength
                                o - ring of protection from fire

@: no status effects
A: no food or potions, fire vulnerability, cold resistance 1, negative energy
resistance 3, torment resistance, unbreathing
a: no special abilities


You were on level 1 of the Lair of Beasts.
You were not hungry.

You visited 2 branches of the dungeon, and saw 14 of its levels.
You also visited: Bailey.

You collected 710 gold pieces.


Innate Abilities, Weirdness & Mutations

You do not eat or drink.
Your flesh is vulnerable to fire.
You are immune to poison.
Your flesh is cold resistant. (rC+)
You are immune to negative energy. (rN+++)
You are immune to unholy pain and torment.
You can survive without breathing.


   Skills:
 + Level 5.3 Fighting
 - Level 9.8 Dodging
 - Level 1.5 Stealth
 - Level 9.0 Shields
 - Level 9.2 Unarmed Combat


You had 10 spell levels left.
You didn't know any spells.

Inventory:

Missiles
 w - 5 large rocks {=f}
Armour
 d - a +1 hat (worn)
 h - a +2 cloak (worn)
 q - a +0 pair of gloves (worn)
 r - a +0 shield (worn)
Jewellery
 b - an uncursed amulet of rage {unknown}
 m - a +2 ring of strength (right hand)
 o - a ring of protection from fire (left hand)
Scrolls
 a - 3 scrolls of remove curse
 c - 2 scrolls of amnesia
 e - a scroll of fear
 f - a scroll of teleportation {@r4}
 g - a scroll of magic mapping
 i - 3 scrolls of noise {!r}
 j - a scroll of enchant weapon
 k - a scroll of recharging
 l - 2 scrolls of random uselessness
 p - 2 scrolls of holy word {!r}
 t - a scroll of silence {unknown}
 u - a scroll of immolation {unknown}
 v - a scroll of fog {unknown}
Comestibles
 n - 9 fruits (quivered)
 s - 7 royal jellies

Dungeon Overview and Level Annotations

Branches:
Dungeon (12/15)            Temple (0/1) D:6            Lair (2/6) D:11
    Orc (0/2) D:12
  Swamp: Lair:2-4    Shoals: Lair:2-4     Snake: Lair:2-4    Spider: Lair:2-4

Altars:
Ashenzari
Dithmenos

Shops:
D:9 (   D:12 [(

Annotations:
D:6 Hip War, exclusion: downstairs
D:8 The hills have Clubs, 2 exclusions, Maurice, Psyche
D:9 TrollWar, exclusions: orc, orc warrior and troll
D:10 exclusion: downstairs
D:11 exclusions: door and oklob plant
Lair:1 exclusions: porcupine and 21 more exclusions

,,,,,,,░░ ░,,,░░ ░,░░
░,,░ ,r,,,,░
░░,,,░░░░░,▒▒▒ ░░,,░
,,,,,,░
░,,,,,,,,,..▒░░░░░†,░,
░░,,,,,░░░
░░░P░░░░,....,,,,,,,░░
░░░░,,,,░ ░░░
░.....░,░░░,░░ ,,,░
░▒.....░░░ ░░░░░ ░,,░
▒▒▒.....▒░ ░,,
░░░░░░░,,░ ▒▒.......▒
░,, ░,░,,,,,,░
▒▒.Ml.....▒░ ░░,
,,,,,,,,,░
▒..▒▒.▒▒▒..░ ░,
▒░░P░░░░░░
▒▒.▒▒░░▒░,,,░░░ ░░ ░░░
▒..▒ ░░,,░P░ ▒▒▒ ▒▒.▒
░░,,,░░░░░░░ ▒▒▒.▒▒▒▒
▒.▒ ░,,,,,,,,,,░
.......▒▒ ▒▒.▒
░░░░,,,,,,,,,,░
..▒▒▒...▒ ▒▒.▒▒
░,,,,,,,░░░,░,░
▒▒▒▒.▒).▒▒▒▒.▒▒
░░,,,░,,,░░░░░,>


You could see a komodo dragon.


Message History

You pulverise the komodo dragon!
The komodo dragon is moderately wounded!
You block the komodo dragon's attack!
You closely miss the komodo dragon!
The komodo dragon is moderately wounded!
The komodo dragon misses you!
You pummel the komodo dragon but do no damage!
The komodo dragon is moderately wounded!
You pulverise the komodo dragon!!!
The komodo dragon is heavily wounded!
The komodo dragon bites you!
You beat the komodo dragon but do no damage!
The komodo dragon is heavily wounded!
The komodo dragon closely misses you!
You barely miss the komodo dragon!
The komodo dragon is heavily wounded!
The komodo dragon bites you!!!!!! * * * don't die
* * * You are too injured to fight recklessly!!!
You are too injured to fight recklessly!!!
You are too injured to fight recklessly!!!
You are too injured to fight recklessly!!!
You closely miss the komodo dragon!
The komodo dragon is heavily wounded!
The komodo dragon bites you!!!!!! * * * don't die
* * * You pummel the komodo dragon like a punching bag!
The komodo dragon is severely wounded!
The komodo dragon bites you!!!!!! rip

Action                   |  1- 3 |  4- 6 |  7- 9 | 10-12 || total
-------------------------+-------+-------+-------+-------++-------
Melee: Unarmed           |   196 |   374 |   778 |  1151 ||  2499
       Punch             |     3 |    14 |    25 |    23 ||    65
  Use: Scroll            |       |     4 |     4 |    10 ||    18
 Stab: Sleeping          |     7 |     6 |     8 |       ||    21
       Distracted        |       |     1 |     2 |       ||     3
Armor: Skin              |     5 |    27 |    72 |    86 ||   190
Dodge: Dodged            |   138 |   231 |   581 |   800 ||  1750
Block: Shield            |       |       |       |   325 ||   325

Vault maps used:
D:1:      minmay_arrival_five_plusses
D:2:      minmay_diamond_boxcup, first_bread
D:4:      serial_undead, serial_undead_c, serial_undead_e, serial_undead_b,
          serial_undead_b, serial_undead_c, serial_undead_a,
          nicolae_ashenzari_panopticon, uniq_menkaure, uniq_natasha
D:5:      old_forge, serial_bayou_lagoon_a
D:6:      minmay_misc_feat_rows, hex_large
D:7:      minivault_24, nicolae_dithmenos_through_a_glass_darkly, uniq_pikel
D:8:      uniq_psyche, uniq_maurice
D:9:      serial_shops, nicolae_shop_overgrown_old_shop, david_nohive_1
D:10:     enter_bailey_3
D:11:     dpeg_oklobed_lair, uniq_snorg, uniq_erica
D:12:     orc_david_3, basic_altar, serial_park_tiny_2
Lair:2:   grunt_megastairs_5, infiniplex_staircase_pool_2, uniq_nergalle,
          uniq_harold, uniq_gastronok
Bailey:   bailey_polearm_2, bailey

Notes
Turn   | Place    | Note
-------+----------+-------------------------------------------
     0 | D:1      | MistressOfTheDunes the Mummy Monk began the quest for the Orb.
     0 | D:1      | Reached XP level 1. HP: 18/18 MP: 1/1
   384 | D:1      | Reached XP level 2. HP: 12/24 MP: 2/2
   570 | D:1      | Reached skill level 3 in Unarmed Combat
   677 | D:1      | HP: 2/24 [goblin/club (4)]
  2015 | D:2      | Reached XP level 3. HP: 29/29 MP: 3/3
  2445 | D:2      | You fall through a shaft!
  2802 | D:2      | Reached skill level 4 in Unarmed Combat
  3085 | D:2      | Reached XP level 4. HP: 31/35 MP: 4/4
  4941 | D:3      | Reached XP level 5. HP: 32/41 MP: 5/5
  5547 | D:2      | HP: 4/41 [orc priest/divine providence (14)]
  5548 | D:2      | Reached skill level 5 in Unarmed Combat
  6199 | D:4      | Noticed Menkaure
  6508 | D:4      | Reached XP level 6. HP: 44/47 MP: 6/6
  6521 | D:4      | Found a shattered altar of Ashenzari.
  6573 | D:5      | Entered Level 5 of the Dungeon
  6679 | D:4      | Noticed Natasha
  6813 | D:3      | Reached skill level 3 in Dodging
  8225 | D:3      | Reached skill level 4 in Dodging
  8583 | D:4      | Reached XP level 7. HP: 10/52 MP: 7/7
  9068 | D:5      | Reached skill level 5 in Dodging
  9756 | D:4      | HP: 3/52 [centaur (4)]
  9756 | D:4      | HP: 1/52 [centaur (2)]
 10727 | D:5      | Reached skill level 6 in Unarmed Combat
 10727 | D:5      | Reached XP level 8. HP: 35/58 MP: 8/8
 10870 | D:5      | Reached skill level 6 in Dodging
 11650 | D:6      | Found a staircase to the Ecumenical Temple.
 12786 | D:6      | Reached skill level 7 in Unarmed Combat
 13059 | D:7      | Killed Natasha
 13227 | D:7      | Noticed Pikel
 13849 | D:7      | Noticed a hippogriff
 14006 | D:6      | Reached skill level 7 in Dodging
 14396 | D:7      | Noticed Natasha
 14409 | D:7      | Killed Natasha
 14409 | D:7      | Reached XP level 9. HP: 60/63 MP: 9/9
 14444 | D:7      | Noticed Natasha
 14461 | D:7      | Killed Natasha
 14744 | D:7      | Found a shadowy altar of Dithmenos.
 15067 | D:5      | Killed Pikel
 15067 | D:5      | Reached skill level 8 in Dodging
 15969 | D:3      | Killed Menkaure
 16312 | D:7      | Reached skill level 8 in Unarmed Combat
 16794 | D:8      | Noticed Maurice
 17307 | D:7      | Reached skill level 9 in Dodging
 17489 | D:8      | Noticed Psyche
 18070 | D:8      | Reached skill level 9 in Unarmed Combat
 18070 | D:8      | Reached XP level 10. HP: 38/70 MP: 10/10
 18916 | D:8      | Noticed a hill giant
 20059 | D:9      | Found Joinger's Antique Weapon Emporium.
 20118 | D:10     | Entered Level 10 of the Dungeon
 20191 | D:10     | Found a flagged portal.
 20235 | Bailey   | Entered a bailey
 21721 | D:10     | Reached skill level 1 in Shields
 21918 | D:10     | Reached skill level 2 in Shields
 22293 | D:10     | Reached skill level 3 in Shields
 22876 | D:9      | Reached skill level 4 in Shields
 23974 | D:11     | Noticed a hill giant
 24451 | D:9      | HP: 3/70 [orc warrior/mace (15)]
 24839 | D:10     | Reached skill level 5 in Shields
 25016 | D:12     | Found Suegir's Weapon Shop.
 25016 | D:12     | Found a staircase to the Orcish Mines.
 25016 | D:12     | Found Usiulaur's Armour Shop.
 25918 | D:11     | Reached skill level 6 in Shields
 25918 | D:11     | Reached XP level 11. HP: 67/75 MP: 11/11
 26072 | D:11     | Noticed an oklob plant
 26905 | D:10     | Killed a hill giant
 26905 | D:10     | Reached skill level 7 in Shields
 28017 | D:11     | Found a staircase to the Lair.
 28118 | Lair:1   | Entered Level 1 of the Lair of Beasts
 28746 | Lair:1   | Reached skill level 8 in Shields
 29186 | Lair:1   | HP: 3/75 [porcupine's spines (12)]
 31561 | Lair:1   | Reached skill level 9 in Shields
 31654 | Lair:1   | HP: 6/75 [yak (9)]
 32473 | Lair:1   | Reached skill level 4 in Fighting
 32769 | Lair:1   | Reached skill level 5 in Fighting
 33167 | Lair:1   | HP: 8/80 [komodo dragon (23)]
 33168 | Lair:1   | Annihilated by a komodo dragon

Vanquished Creatures
  A hill giant (D:10)
  Pikel (D:5)
  A cyclops (D:10)
  A centaur zombie (D:11)
  A komodo dragon (Lair:1)
  A rime drake (Lair:1)
  A queen bee (D:10)
  A two-headed ogre (D:7)
  3 blink frogs (Lair:1)
  5 hippogriffs
  10 yaks
  A basilisk (Lair:1)
  2 hungry ghosts
  Menkaure (D:3)
  4 water moccasins
  5 porcupines (Lair:1)
  3 sky beasts
  A wasp (Lair:1)
  2 slaves (D:7)
  An ice beast (D:10)
  3 phantoms
  A black bear (D:7)
  4 wolves (Lair:1)
  6 ogres
  12 centaurs
  4 crocodiles
  4 bullfrogs
  A gnoll sergeant (D:10)
  2 water moccasin zombies
  4 scorpions
  18 killer bees
  4 howler monkeys
  3 wights (D:8)
  5 crimson imps
  3 quasits
  2 bullfrog zombies
  5 jellies
  9 hounds
  6 orc priests
  7 orc wizards
  Natasha (thrice) (D:7)
  6 iguanas
  12 worker ants
  4 killer bee zombies
  4 hound skeletons
  2 howler monkey zombies
  2 worker ant zombies
  8 gnolls
  17 adders
  3 shadow imps
  3 oozes
  2 adder zombies (D:4)
  3 worms
  3 adder skeletons
  3 dart slugs
  9 leopard geckos
  36 orcs
  8 giant cockroaches
  11 goblins
  12 hobgoblins
  7 jackals
  14 kobolds
  4 quokkas
  3 ball pythons
  11 bats
  6 frilled lizards
  A giant cockroach zombie (D:4)
  A leopard gecko zombie (D:4)
  A quokka skeleton (D:7)
  2 quokka zombies (D:4)
  9 rats
  2 plants (D:11)
361 creatures vanquished.

Vanquished Creatures (others)
  2 slaves (D:7)
  A bullfrog (D:7)
  16 fungi
  3 plants
22 creatures vanquished.

Grand Total: 383 creatures vanquished
